 Dungeon Crawl Stone Soup version 0.31.0-7-gf635a9b802 (webtiles) character file.

Game seed: 6256168711355826628

92337 Skeral the Brawler (level 15, -3/238 HPs)
             Began as a Troll Enchanter on Jan 23, 2024.
             Was a Believer of Uskayaw.
             Succumbed to a +5 glaive of venom's poison
             ... on level 1 of the Elven Halls.
             The game lasted 01:14:32 (21159 turns).

Skeral the Brawler (Troll Enchanter)               Turns: 21159, Time: 01:14:33

Health: -3/238     AC: 10    Str: 20    XL:     15   Next: 57%
Magic:  20/20      EV: 10    Int: 11    God:    Uskayaw [**....]
Gold:   724        SH:  5    Dex: 12    Spells: 16/16 levels left

rFire   + .          .
                       - Unarmed
rCold   . . .        (no shield)
rNeg    . . .        A - +2 robe {Will+}
rPois   .            (helmet restricted)
rElec   +            (no cloak)
rCorr   .            (gloves unavailable)
SInv    +            (boots unavailable)
Will    ++...        M - amulet of reflection Stlth
                     O - +4 ring of protection
HPRegen 1.39/turn    J - ring "Caeli" {rElec rF+ Str-4 SInv}
MPRegen 0.17/turn

%: reflection
@: berserking, lethally poisoned (-3 -> -49), marked, hasted, studying Unarmed
Combat, very quick
A: large, unfitting armour, claws 3, regeneration 1, shaggy fur 1, tough skin 1
a: Renounce Religion, Stomp, Line Pass


You were on level 1 of the Elven Halls.
You worshipped Uskayaw.
Uskayaw was aware of your devotion.
You visited 5 branches of the dungeon, and saw 23 of its levels.
You also visited: Bailey.

You collected 2085 gold pieces.
You spent 1361 gold pieces at shops.


Innate Abilities, Weirdness & Mutations

You are too large for most types of armour.
You have claws for hands.
Your natural rate of healing is unusually fast.
You are covered in fur. (AC +1)
You have tough skin. (AC +1)


   Skills:
 - Level 13.0 Fighting
 - Level 0.7 Short Blades
 - Level 7.0 Throwing
 - Level 3.0 Dodging
 - Level 1.5 Stealth
 - Level 2.0 Shields
 - Level 16.8 Unarmed Combat
 - Level 1.2 Spellcasting
 - Level 2.0 Hexes
 - Level 8.0 Invocations
 + Level 11.1 Shapeshifting


You had 16 spell levels left.
You didn't know any spells.
Your spell library contained the following spells:

 Spells                   Type           Power      Damage    Failure   Level
 Freeze                   Ice            0%         1d3       32%         1
 Ensorcelled Hibernation  Hex/Ice        4%         N/A       32%         2
 Confusing Touch          Hex            5%         N/A       38%         3
 Tukima's Dance           Hex            5%         N/A       38%         3
 Lesser Beckoning         Tloc           0%         N/A       43%         2
 Dazzling Flash           Conj/Hex       4%         N/A       54%         3
 Frozen Ramparts          Ice            0%         1d1       67%         3
 Gell's Gravitas          Tloc           0%         N/A       67%         3
 Hailstorm                Conj/Ice       0%         3d5       67%         3
 Teleport Other           Tloc           0%         N/A       67%         3
 Brom's Barrelling Bould  Conj/Erth      0%         2d3       97%         4
 Fireball                 Conj/Fire      0%         3d3       100%        5
 Iskenderun's Battlesphe  Conj           0%         2d6       100%        5
 Conjure Ball Lightning   Conj/Air       0%         3x3d6     100%        6
 Orb of Destruction       Conj           0%         9d5       100%        7

Inventory:

Missiles
 p - 12 poisoned darts
 z - 25 boomerangs (quivered)
 C - 6 throwing nets {=f!f}
 D - a curare-tipped dart {=f}
 K - 7 javelins
 L - 16 large rocks {=f}
Armour
 A - a +2 robe of willpower (worn)
   (You took it off Psyche on level 8 of the Dungeon)
 H - a +0 kite shield
   (You found it on level 1 of the Lair of Beasts)
Jewellery
 s - a ring of willpower
   (You found it on level 3 of the Dungeon)
 E - a +5 ring of evasion
   (You found it on level 9 of the Dungeon)
 J - the ring "Caeli" (right claw) {rElec rF+ Str-4 SInv}
   (You bought it in a shop on level 3 of the Dungeon)

   [ring of protection from fire]

   Str-4:     It affects your strength (-4).
   rF+:       It protects you from fire.
   rElec:     It insulates you from electricity.
   SInv:      It lets you see invisible.
 M - an amulet of reflection (around neck)
   (You found it on level 12 of the Dungeon)
 N - a ring of positive energy
   (You found it on level 3 of the Dungeon)
 O - a +4 ring of protection (left claw)
   (You found it on level 3 of the Dungeon)
Talismans
 Q - a dragon-blood talisman
   (You bought it in a shop on level 2 of the Orcish Mines)
Wands
 b - a wand of paralysis (24)
   (You found it on level 11 of the Dungeon)
 w - a wand of iceblast (9)
   (You found it on level 4 of the Dungeon)
 y - a wand of flame (13)
   (You found it on level 5 of the Dungeon)
 S - a wand of digging (6)
   (You found it on level 13 of the Dungeon)
 T - a wand of mindburst (9)
   (You took it off an orc wizard on level 8 of the Dungeon)
 W - a wand of light (7)
   (You found it on level 1 of the Swamp)
Scrolls
 a - 5 scrolls of vulnerability {!r!r}
 d - 4 scrolls of immolation {!r!r}
 e - 2 scrolls of poison {!r}
 g - a scroll of blinking {!r}
 h - a scroll of fog
 k - 4 scrolls of torment {!r}
 m - 5 scrolls of revelation
 n - 12 scrolls of teleportation {@r4}
 u - 2 scrolls of butterflies
 v - 3 scrolls of fear
 x - 5 scrolls of enchant armour
 G - 2 scrolls of silence {!r}
 P - a scroll of amnesia
 V - a scroll of identify {@r1}
Potions
 c - 3 potions of invisibility
 f - 4 potions of attraction {!q}
 i - 4 potions of enlightenment
 j - 9 potions of magic
 l - 2 potions of resistance
 o - a potion of ambrosia
 t - 6 potions of mutation {!q}
 B - 3 potions of haste {@q3}
 F - 3 potions of brilliance
 I - 2 potions of cancellation
 R - 2 potions of might
Miscellaneous
 U - a phantom mirror (inert)
   (You found it on level 8 of the Dungeon)

Dungeon Overview and Level Annotations

Branches:
Dungeon (13/15) Zot: 25548  Temple (0/1) D:4            Lair (5/5) D:10 Zot: 25499
  Swamp (2/4) Lair:2 Zot: 10182  Spider (0/4) Lair:3        Slime (0/5) Lair:5
    Orc (2/2) D:12 Zot: 9750     Elf (1/3) Orc:2 Zot: 5786  Vaults (0/5) D:13
 Bailey (visited)

Altars:
Ashenzari
Cheibriados
Fedhas
Gozag
Kikubaaqudgha
Okawaru
Trog
Uskayaw
Vehumet
Yredelemnul

Shops:
D:3 =   D:6 :   D:13 (   Orc:2 ?!:*   Elf:1 :=

Annotations:
Lair:2 1 runed translucent door, Drablr's ghost, journeyman SpBr

#.## ..# ###.###
##.....## ##...#...## .#
##.........## ####
.####...........## #..
..##...........)(# #.#
#.##.....888....@####.###
#....#.∩.8♣8.∩.#..E○°.#.#
#..#.....888.....####°.##
####.............# #○#.##
#..##...........##
#.##.## #..###.........##
#..E○.# #### #.##
##...#...## #####.##.....
..# ##.....## #........#
.## ###.### #.)###.###


You could see a fire elemental and a +2 scimitar of protection.


Message History

You take 6 damage, and now have 153/159 hp.
You mangle the +2 short sword of protection!!
The +2 short sword of protection falls from the air. 😕 HP[+1]
You see here a +2 short sword of protection. 😕 HP[+1] 😕 HP[+1] 😕 HP[+1] 😎 HP[+2]
Your hp is fully restored (159).
An earth elemental comes into view.
You mangle the earth elemental!! You claw the earth elemental!
You barely miss the earth elemental. You block the earth elemental's attack.
You mangle the earth elemental!!
You destroy the earth elemental!
You see here a potion of degeneration {!q}.
You open the door.
There is an open door here.
You open the door.
There is an open door here.
A fire elemental comes into view.
Found a stone staircase leading down.
You mangle the fire elemental!! The fire elemental barely misses you.
You claw the fire elemental!
You destroy the fire elemental!
i - 4 potions of enlightenment (gained 2)
Found Mic Fodu's Jewellery Emporium and Wonouh's Book Shoppe.
There is an entrance to Wonouh's Book Shoppe here.
You now have 710 gold pieces (gained 18).
Found a stone staircase leading down.
You now have 724 gold pieces (gained 14).
There is an entrance to Mic Fodu's Jewellery Emporium here.
You can access your shopping list by pressing '$'.
A deep elf pyromancer comes into view. It is wielding a +0 long sword.
The helpless deep elf pyromancer fails to defend itself.
You eviscerate the deep elf pyromancer!!!!
You kill the deep elf pyromancer!
Your Shapeshifting skill increases to level 11!
A malevolent force fills the Elven Halls...
With a horrendous wail, an alarm goes off!
A sentinel's mark forms upon you.
You hear a shout! x5; You hear a bark! x3; You hear a shout! x4
You hear a grinding noise.
You hear an angry hiss.
You hear an angry growl.
Things that are here:
a +0 long sword; a +0 leather armour; an elf corpse A fire elemental comes into view.
You hear a grinding noise.
You hear a grinding noise.
You hear a grinding noise.
You hear a grinding noise.
A +2 scimitar of protection and a +5 glaive of venom come into view.
The +2 scimitar of protection moves out of view.
The +5 glaive of venom hits you from afar!!!
You are poisoned.
The +5 glaive of venom barely misses you. 😕 HP[-37]
You take 37 damage, and now have 122/159 hp.
MASSIVE DAMAGE!! (PAUSE)
Okay, then.
You feel yourself speed up.
You feel sick.
The +5 glaive of venom hits you from afar!!
You are more poisoned. 😮 HP[-29]
You take 29 damage, and now have 93/159 hp.
You feel extremely sick.
The +2 scimitar of protection hits you!!
* * * LOW HITPOINT WARNING * * *
The +5 glaive of venom hits you!!
* * * LOW HITPOINT WARNING * * *
You are lethally poisoned! 😱 HP[-54]
You take 54 damage, and now have 39/159 hp.
MASSIVE DAMAGE!! (PAUSE)
Okay, then.
You scratch the +5 glaive of venom but do no damage.
* * * LOW HITPOINT WARNING * * *
You feel extremely sick.
You hear a grinding noise.
The +2 scimitar of protection hits you.
* * * LOW HITPOINT WARNING * * *
😱 HP[-10]
You take 10 damage, and now have 29/159 hp.
You mangle the +5 glaive of venom!! You claw the +5 glaive of venom.
* * * LOW HITPOINT WARNING * * *
You feel extremely sick.
The +5 glaive of venom closely misses you.
The +2 scimitar of protection hits you!
* * * LOW HITPOINT WARNING * * *
😱 HP[-18]
You take 18 damage, and now have 11/159 hp.
You claw the +5 glaive of venom!
The +5 glaive of venom falls from the air.
* * * LOW HITPOINT WARNING * * *
You feel extremely sick.
You can now pass through a line of other dancers. 😱 HP[-7]
You take 7 damage, and now have 4/159 hp.
A red film seems to cover your vision as you go berserk!
You feel yourself moving faster!
You feel mighty!
You die...

Skill      XL: |  1  2  3  4  5  6  7  8  9 10 11 12 13 14 15 |
---------------+----------------------------------------------+-----
Unarmed Combat | 1 2 3 4 5 6 7 8 11 14 15 16 | 16.8
Fighting       | 1 2 3 4 5 6 7 9 11 13 | 13.0
Dodging        | 2 3 |  3.0
Invocations    | 2 4 6 8 |  8.0
Throwing       | 6 7 |  7.0
Shields        | 2 |  2.0
Shapeshifting  | 7 11 | 11.1
Short Blades   | |  0.7
Stealth        | |  1.5
Spellcasting   | |  1.2
Hexes          | |  2.0

Action                     |  1- 3 |  4- 6 |  7- 9 | 10-12 | 13-15 || total
---------------------------+-------+-------+-------+-------+-------++-------
  Melee: Unarmed           |    84 |    73 |   267 |   727 |  1072 ||  2223
         Punch             |     1 |     1 |    19 |    56 |   132 ||   209
  Throw: Dart              |       |       |       |     8 |     9 ||    17
         Boomerang         |       |       |       |       |    33 ||    33
         Throwing net      |       |       |       |       |     1 ||     1
 Invoke: Stomp             |     1 |       |     2 |     1 |     3 ||     7
         Line Pass         |       |     2 |     4 |     4 |     6 ||    16
  Evoke: Wand              |       |       |       |     1 |    11 ||    12
         Phantom mirror    |       |       |       |       |     1 ||     1
    Use: Potion            |       |     1 |     3 |     3 |    15 ||    22
         Scroll            |       |       |     7 |     7 |    15 ||    29
   Stab: Sleeping          |     5 |       |     1 |     2 |     3 ||    11
         Paralysed         |       |     1 |    22 |    47 |    63 ||   133
         Confused          |       |     1 |       |       |     2 ||     3
         Invisible         |       |       |       |     4 |       ||     4
         Distracted        |       |       |       |       |     1 ||     1
 Armour: Robe              |    62 |    40 |   290 |   612 |   873 ||  1877
         Skin              |       |       |       |     1 |       ||     1
  Dodge: Dodged            |    39 |    26 |   164 |   319 |   394 ||   942
  Block: Other             |       |       |       |       |   101 ||   101
         Reflection        |       |       |       |       |     5 ||     5

Levels and vault maps discovered:
D:1:      lightli_arrival_quake, layout_loops_ring
D:2:      layout_basic, basic_altar
D:3:      layout_rooms, serial_shops, nicolae_shop_tiny_real_fake_doors
D:4:      layout_basic, nicolae_overflow_hallway_of_the_gods,
          mainiacjoe_overflow_brackets, minmay_temple_entry_statues_fountains
D:5:      layout_basic, roderic_serpentine_path
D:6:      layout_rooms, corner_web_ring, nicolae_shop_self_help, uniq_edmund,
          uniq_sigmund
D:7:      bobbens_index_wilting_gardens, layout_loops_ring, enter_bailey_7,
          uniq_menkaure
D:8:      minmay_the_grid_octo_2x2 [minmay_the_grid_octo_odd_swirl,
          minmay_the_grid_octo_empty, minmay_the_grid_octo_teeth,
          minmay_the_grid_octo_prize_big_c], layout_basic,
          gammafunk_ghost_cemetery, uniq_psyche
D:9:      layout_gridville, ashenzari_altar_1, slow_altar_1, serial_glass,
          glass_columns_b, glass_columns_a, uniq_jeremiah, uniq_harold,
          uniq_joseph, uniq_amaemon
D:10:     layout_rooms, due_lair_maze_entry_diamond, gammafunk_ghost_arena
D:11:     cheibrodos_lost_city_excavation, layout_rooms,
          kennysheep_okawaru_gauntlet
D:12:     layout_basic, orc_0_dummy, chequers_serial_rivers_room_b, uniq_urug,
          uniq_nergalle
D:13:     layout_rooms, erik_vaults_1, serial_shops, shop,
          yredelemnul_forgotten_temple_becter
Lair:1:   layout_regular_city, minmay_holes
Lair:2:   layout_regular_city, nicolae_swamp_entry_splash_gauntlet,
          ebering_ghost_funeral_grove
Lair:3:   layout_layer_cave, nicolae_spider_entry_orb_guardian
Lair:4:   layout_gridlike, minivault_25, grunt_megastairs_5,
          serial_bayou_shore_a
Lair:5:   hellmonk_lair_end_abyssal_woods, layout_regular_city,
          minmay_slime_entry_jelly_boxes
Swamp:1:  layout_basic_swamp, serial_swamp_ruin, hangedman_swamp_ruin_wall,
          evilmike_swamp_ruin_rubble_2, uniq_frances
Swamp:2:  layout_basic_swamp, evilmike_swamp_ruin_house_4
Orc:1:    layout_caves
Orc:2:    st_orc_open, layout_diamond_mine, basic_altar, nooodl_orcs_dogs
Elf:1:    layout_loops_corners, nicolae_elf_shapeshifter_party,
          hellmonk_elf_help, minmay_shoptagon, uniq_jorgrun, uniq_azrael

Notes
Turn   | Place    | Note
-------+----------+-------------------------------------------
     0 | D:1      | Skeral the Troll Enchanter began the quest for the Orb.
     0 | D:1      | Reached XP level 1. HP: 16/16 MP: 1/1
     0 | D:1      | magus.rc [v1.10.3]
    25 | D:1      | You pick up a book of Displacement and begin reading...
    25 | D:1      | You add the spells Lesser Beckoning, Gell's Gravitas and
                  | Teleport Other to your library.
   174 | D:1      | Reached skill level 1 in Unarmed Combat
   193 | D:1      | Reached XP level 2. HP: 25/26 MP: 2/2
   230 | D:1      | Reached skill level 1 in Fighting
   741 | D:2      | Found a bloodstained altar of Trog.
  1806 | D:3      | Reached XP level 3. HP: 31/33 MP: 3/3
  1905 | D:3      | Found Ybihem's Jewellery Emporium.
  2216 | D:4      | Reached skill level 2 in Unarmed Combat
  2335 | D:4      | Found a hide-covered altar of Uskayaw.
  2365 | D:4      | Became a worshipper of Uskayaw the Reveller
  2383 | D:4      | Found a staircase to the Ecumenical Temple.
  2387 | D:4      | Reached * piety under Uskayaw
  2391 | D:4      | Reached ** piety under Uskayaw
  2395 | D:4      | HP: 8/35 [hound (3)]
  2396 | D:4      | HP: 2/35 [burnt (3)]
  2397 | D:4      | Reached skill level 2 in Fighting
  2397 | D:4      | Reached XP level 4. HP: 5/42 MP: 0/4
  2401 | D:4      | Reached skill level 3 in Unarmed Combat
  2404 | D:4      | HP: 11/44 [burnt (4)]
  2407 | D:4      | HP: 5/44 [burnt (5)]
  2491 | D:4      | Reached XP level 5. HP: 50/50 MP: 5/5
  2873 | D:4      | Found a bloodstained altar of Trog.
  2878 | D:4      | Found a radiant altar of Vehumet.
  2881 | D:4      | Found an opulent altar of Gozag.
  2881 | D:4      | Found an ancient bone altar of Kikubaaqudgha.
  2887 | D:4      | Found a blossoming altar of Fedhas.
  3108 | D:5      | Entered Level 5 of the Dungeon
  3108 | D:5      | Noticed an ogre
  3113 | D:5      | Noticed a phantom
  3116 | D:5      | Killed an ogre
  3117 | D:5      | Reached skill level 3 in Fighting
  3117 | D:5      | Reached skill level 4 in Unarmed Combat
  3119 | D:5      | Reached *** piety under Uskayaw
  3121 | D:5      | Killed a phantom
  3121 | D:5      | Reached **** piety under Uskayaw
  3122 | D:5      | Reached XP level 6. HP: 43/61 MP: 1/6
  3230 | D:5      | HP: 5/62 [ogre/+0 giant club (31)]
  3236 | D:5      | Reached skill level 4 in Fighting
  3389 | D:5      | Reached skill level 5 in Unarmed Combat
  3412 | D:5      | Reached XP level 7. HP: 38/71 MP: 7/7
  3679 | D:6      | Noticed a yak
  3679 | D:6      | Noticed a yak
  3679 | D:6      | Noticed a yak
  3740 | D:6      | Noticed a yak
  3753 | D:6      | Noticed a yak
  3760 | D:6      | Killed a yak
  3761 | D:6      | Reached skill level 2 in Dodging
  3761 | D:6      | Reached skill level 1 in Invocations
  3765 | D:6      | Killed a yak
  3765 | D:6      | Reached ***** piety under Uskayaw
  3766 | D:6      | Reached skill level 6 in Unarmed Combat
  3771 | D:6      | Killed a yak
  3772 | D:6      | Reached skill level 5 in Fighting
  3772 | D:6      | Reached skill level 2 in Invocations
  3772 | D:6      | Reached XP level 8. HP: 52/80 MP: 8/8
  3775 | D:6      | Reached ****** piety under Uskayaw
  3782 | D:6      | Reached skill level 3 in Invocations
  3877 | D:6      | Noticed Sigmund
  3890 | D:6      | Killed Sigmund
  3891 | D:6      | Reached skill level 7 in Unarmed Combat
  3896 | D:6      | Reached skill level 6 in Fighting
  3902 | D:6      | Reached skill level 4 in Invocations
  4002 | D:5      | Reached XP level 9. HP: 81/89 MP: 11/11
  4330 | D:6      | Noticed Edmund
  4346 | D:6      | Found Cipok's Self-Improvement Boutique.
  4378 | D:6      | Killed Edmund
  4595 | D:7      | Reached skill level 5 in Invocations
  4599 | D:7      | Reached skill level 8 in Unarmed Combat
  4649 | D:7      | Reached skill level 7 in Fighting
  4934 | D:7      | You pick up a book of Frost and begin reading...
  4934 | D:7      | You add the spells Freeze, Frozen Ramparts and Hailstorm to
                  | your library.
  4960 | D:7      | Found a flagged portal.
  4963 | D:7      | Paralysed by a hornet for 1 turns
  4972 | D:7      | Paralysed by a hornet for 1 turns
  4977 | D:7      | Reached skill level 6 in Invocations
  5005 | Bailey   | Entered a bailey
  5085 | Bailey   | HP: 19/93 [orc warrior/+0 trident (9)]
  5094 | Bailey   | Reached XP level 10. HP: 61/102 MP: 13/13
  5095 | Bailey   | Reached skill level 9 in Unarmed Combat
  5500 | D:7      | Noticed Menkaure
  5512 | D:7      | Killed Menkaure
  5513 | D:7      | Reached skill level 8 in Fighting
  5609 | D:7      | Reached skill level 10 in Unarmed Combat
  5879 | D:7      | Reached skill level 9 in Fighting
  6080 | D:3      | Bought the ring "Caeli" {rElec rF+ Str-4 SInv} for 382 gold
                  | pieces
  6543 | D:8      | Reached skill level 11 in Unarmed Combat
  6543 | D:8      | Reached XP level 11. HP: 113/115 MP: 14/14
  6572 | D:8      | Noticed a four-headed hydra
  6719 | D:8      | Noticed a boulder beetle
  6772 | D:8      | Noticed Psyche
  6782 | D:8      | Killed Psyche
  6783 | D:8      | Reached skill level 1 in Throwing
  7037 | D:8      | Found a runed translucent gate.
  7037 | D:8      | Found a runed translucent gate.
  7037 | D:8      | Found a runed translucent gate.
  7037 | D:8      | Noticed Taul's ghost (novice MiFi)
  7038 | D:8      | Noticed tdog's ghost (novice SpBr)
  7086 | D:8      | Noticed a two-headed ogre
  7086 | D:8      | Noticed a green ugly thing
  7138 | D:8      | Killed a boulder beetle
  7139 | D:8      | Reached skill level 2 in Throwing
  7159 | D:9      | Noticed Harold
  7169 | D:9      | Killed Harold
  7246 | D:9      | Reached skill level 3 in Throwing
  7367 | D:9      | Noticed Joseph
  7395 | D:9      | Killed Joseph
  7441 | D:9      | Found a snail-covered altar of Cheibriados.
  7445 | D:9      | Noticed Jeremiah
  7464 | D:9      | Killed Jeremiah
  7468 | D:9      | Reached skill level 10 in Fighting
  7489 | D:9      | Reached skill level 4 in Throwing
  7685 | D:9      | Noticed Amaemon
  7697 | D:9      | Killed Amaemon
  7709 | D:9      | HP: 28/119 [poisoned by an orange demon]
  7710 | D:9      | HP: 9/119 [orange demon[Amaemon] (6)]
  7711 | D:9      | HP: 3/119 [orange demon[Amaemon] (4)]
  7716 | D:9      | HP: 27/119 [poisoned by an orange demon]
  7896 | D:9      | Found a broken altar of Ashenzari.
  7923 | D:9      | Reached skill level 5 in Throwing
  8066 | D:9      | magus.rc [v1.10.3]
  8080 | D:10     | Entered Level 10 of the Dungeon
  8080 | D:10     | Found a transporter.
  8150 | D:10     | Noticed Daunt's ghost (journeyman TrGl)
  8152 | D:10     | Found a transporter.
  8233 | D:10     | Noticed a two-headed ogre
  8242 | D:10     | Killed a two-headed ogre
  8263 | D:10     | HP: 29/119 [bullfrog (7)]
  8267 | D:10     | Reached skill level 6 in Throwing
  8268 | D:10     | HP: 28/119 [poisoned by a water moccasin]
  8323 | D:10     | Reached skill level 11 in Fighting
  8328 | D:10     | Found a staircase to the Lair.
  8967 | D:11     | Reached XP level 12. HP: 121/130 MP: 15/15
  9002 | D:11     | Found an iron altar of Okawaru.
  9014 | D:11     | HP: 31/130 [manticore (3)]
  9279 | D:11     | Reached skill level 3 in Dodging
  9337 | Lair:1   | Entered Level 1 of the Lair of Beasts
  9470 | Lair:1   | Reached skill level 7 in Invocations
  9978 | Lair:1   | Reached skill level 12 in Unarmed Combat
  9986 | Lair:1   | Reached skill level 8 in Invocations
 10081 | Lair:2   | Found a runed translucent door.
 10082 | Lair:2   | Noticed Drablr's ghost (journeyman SpBr)
 10087 | Lair:2   | Identified the +2 spear of Acur {spect, Int+7 Dex-2 SInv}
 10204 | Lair:2   | Reached skill level 13 in Unarmed Combat
 10236 | Lair:2   | Noticed a death yak
 10256 | Lair:2   | Killed a death yak
 10272 | Lair:2   | Noticed a death yak
 10272 | Lair:2   | Noticed a death yak
 10273 | Lair:2   | Noticed a death yak
 10306 | Lair:2   | Killed a death yak
 10308 | Lair:2   | Killed a death yak
 10315 | Lair:2   | Killed a death yak
 10587 | Lair:2   | Found a staircase to the Swamp.
 10594 | Lair:2   | Reached skill level 14 in Unarmed Combat
 10821 | Lair:2   | Reached XP level 13. HP: 137/137 MP: 18/18
 11122 | Lair:3   | Reached skill level 1 in Shields
 11229 | Lair:3   | Reached skill level 2 in Shields
 11669 | Lair:3   | Reached skill level 12 in Fighting
 11684 | Lair:3   | magus.rc [v1.10.3]
 11760 | Lair:3   | Found a hole to the Spider Nest.
 12551 | Lair:3   | Reached skill level 13 in Fighting
 13052 | Lair:5   | Entered Level 5 of the Lair of Beasts
 13065 | Lair:5   | Found a staircase to the Slime Pits.
 13245 | Lair:4   | Reached skill level 7 in Throwing
 13706 | D:10     | Paralysed by a hornet for 3 turns
 13720 | D:10     | HP: 14/144 [Daunt's ghost (26)]
 13725 | D:10     | Killed Daunt's ghost
 13726 | D:10     | Reached skill level 15 in Unarmed Combat
 13726 | D:10     | Reached XP level 14. HP: 18/153 MP: 19/19
 13821 | D:10     | Identified the +0 chain mail of the Bard {MP+9 Slay+3}
 13872 | D:12     | Noticed Urug
 13916 | D:12     | Killed Urug
 14308 | D:12     | Reached skill level 1 in Shapeshifting
 14370 | D:12     | Reached skill level 2 in Shapeshifting
 14441 | D:12     | Noticed Nergalle
 14453 | D:12     | Killed Nergalle
 14589 | D:12     | Found a staircase to the Orcish Mines.
 14745 | D:12     | Reached skill level 3 in Shapeshifting
 14925 | Orc:1    | Entered Level 1 of the Orcish Mines
 15020 | Orc:1    | Reached skill level 16 in Unarmed Combat
 15188 | Orc:1    | Reached skill level 4 in Shapeshifting
 15440 | Orc:1    | HP: 38/153 [orc warrior/+0 glaive (5)]
 15443 | Orc:1    | HP: 14/153 [orc warrior/+0 glaive (12)]
 15786 | Orc:2    | Entered Level 2 of the Orcish Mines
 15787 | Orc:2    | Found a staircase to the Elven Halls.
 15985 | Orc:2    | Found Cacretut's General Store.
 16017 | Orc:2    | Reached skill level 5 in Shapeshifting
 16044 | Orc:2    | HP: 25/153 [deep troll (19)]
 16225 | Orc:1    | HP: 32/153 [two-headed ogre/+0 giant club (13)]
 16258 | Orc:1    | HP: 37/153 [two-headed ogre/+0 giant club (6)]
 16258 | Orc:1    | HP: 9/153 [two-headed ogre/+0 giant club (28)]
 16474 | Orc:2    | Reached skill level 6 in Shapeshifting
 16786 | Orc:2    | Found Fueti's Book Shoppe.
 16788 | Orc:2    | Found Itihuus's Distillery.
 16789 | Orc:2    | Bought a dragon-blood talisman for 660 gold pieces
 16789 | Orc:2    | Bought a scroll of teleportation for 33 gold pieces
 16839 | Orc:2    | Found Weofo's Magic Scroll Emporium.
 16847 | Orc:2    | Bought a potion of curing for 42 gold pieces
 16847 | Orc:2    | Bought a potion of might for 56 gold pieces
 16847 | Orc:2    | Bought a potion of curing for 42 gold pieces
 16847 | Orc:2    | Bought a potion of might for 56 gold pieces
 16852 | Orc:2    | Bought a scroll of fear for 60 gold pieces
 16852 | Orc:2    | Bought a scroll of identify for 30 gold pieces
 17041 | Orc:2    | Reached skill level 7 in Shapeshifting
 17431 | D:13     | Reached XP level 15. HP: 135/159 MP: 20/20
 17536 | D:13     | Found a gate to the Vaults.
 17779 | D:13     | HP: 34/159 [freezing wraith[a death knight] (11)]
 18110 | D:13     | Found a basalt altar of Yredelemnul.
 18162 | D:13     | Found Byogatus's Weapon Shop.
 18284 | Lair:1   | Upgraded the game from 0.31.0-4-g52a2dc7128 to
                  | 0.31.0-7-gf635a9b802
 18284 | Lair:1   | magus.rc [v1.10.3]
 18419 | D:8      | Killed tdog's ghost
 18420 | D:8      | Reached skill level 8 in Shapeshifting
 18433 | D:8      | Killed Taul's ghost
 18582 | D:8      | You pick up a book of the Spheres and begin reading...
 18582 | D:8      | You add the spells Brom's Barrelling Boulder, Iskenderun's
                  | Battlesphere, Fireball, Conjure Ball Lightning and Orb of
                  | Destruction to your library.
 18790 | Swamp:1  | Entered Level 1 of the Swamp
 18808 | Swamp:1  | Paralysed by a hornet for 3 turns
 18811 | Swamp:1  | HP: 33/159 [hornet[a shambling mangrove] (12)]
 18817 | Swamp:1  | HP: 22/159 [hornet[a shambling mangrove] (9)]
 18822 | Swamp:1  | HP: 18/159 [poisoned by a hornet]
 19259 | Swamp:1  | Reached skill level 9 in Shapeshifting
 19715 | Swamp:1  | Noticed Frances
 19801 | Swamp:1  | Killed Frances
 20115 | Swamp:2  | Reached skill level 10 in Shapeshifting
 20406 | Swamp:2  | HP: 39/159 [poisoned by a swamp dragon (poison gas)]
 20634 | Swamp:2  | HP: 39/159 [poison (poison gas)]
 20639 | Swamp:2  | HP: 17/159 [poison (poison gas)]
 20644 | Swamp:2  | HP: 26/159 [poison (poison gas)]
 20941 | Elf:1    | Entered Level 1 of the Elven Halls
 21103 | Elf:1    | Found Mic Fodu's Jewellery Emporium.
 21103 | Elf:1    | Found Wonouh's Book Shoppe.
 21141 | Elf:1    | Reached skill level 11 in Shapeshifting
 21155 | Elf:1    | HP: 39/159 [+5 glaive of venom (25)]
 21157 | Elf:1    | HP: 11/159 [+2 scimitar of protection (9)]
 21158 | Elf:1    | HP: 4/159 [poisoned by a +5 glaive of venom]
 21159 | Elf:1    | Succumbed to a +5 glaive of venom's poison

Vanquished Creatures
  Frances (Swamp:1)
  2 bunyips
  An eleionoma (Swamp:2)
  2 ettins (Orc:1)
  The ghost of Daunt the Brawler, a journeyman TrGl of Elyvilon (D:10)
  2 shambling mangroves
  A vault guard (D:13)
  2 hydras
  4 alligators
  Harold (D:9)
  2 catoblepae
  2 ogre magi (Orc:2)
  3 dancing weapons
  3 centaur warriors (D:13)
  The ghost of Taul the Basher, a novice MiFi of Zin (D:8)
  4 boulder beetles
  4 death yaks (Lair:2)
  12 two-headed ogres
  An occultist (D:11)
  An orc high priest (Orc:1)
  Nergalle (D:12)
  Urug (D:12)
  Amaemon (D:9)
  5 skeletal warriors (D:12)
  2 skysharks
  2 goliath frogs
  A bog body (Swamp:1)
  2 swamp dragons (Swamp:2)
  2 deep trolls (Orc:2)
  An orb spider (Lair:3)
  An arcanist (D:11)
  3 orc knights
  3 deep elf pyromancers
  The ghost of tdog the Covert, a novice SpBr of Okawaru (D:8)
  A manticore (D:11)
  4 cyclopes
  An ugly thing (D:8)
  15 elephants
  2 will-o-the-wisps
  4 black mambas
  An orange demon (D:9)
  9 cane toads
  Joseph (D:9)
  A gargoyle (D:11)
  A rime drake (Lair:4)
  Jeremiah (D:9)
  5 komodo dragons
  Psyche (D:8)
  2 freezing wraiths (D:13)
  12 trolls
  6 hornets
  A polar bear (Lair:1)
  3 blink frogs (Lair:3)
  2 tyrant leeches (Swamp:2)
  Sigmund (D:6)
  2 vampires
  4 slime creatures (D:12)
  A shadow (D:12)
  2 wyverns
  2 spriggans (Swamp:1)
  60 yaks
  4 basilisks
  3 wraiths
  3 fire elementals
  6 wargs
  9 vampire mosquitoes
  Menkaure (D:7)
  9 swamp worms
  Edmund (D:6)
  13 water moccasins
  28 orc warriors
  3 swamp drakes
  2 ice beasts
  A laughing skull (D:10)
  A sky beast (D:7)
  7 black bears
  6 centaurs
  22 ogres
  6 wolves (Lair:3)
  7 phantoms
  A kobold brigand (D:9)
  An earth elemental (Elf:1)
  A weeping skull (D:13)
  2 gnoll sergeants
  16 bullfrogs
  6 scorpions
  11 wights
  4 killer bees
  2 electric eels (Lair:2)
  9 howler monkeys
  5 centaur zombies (D:7)
  4 hounds
  10 jellies
  2 bombardier beetles
  14 orc priests
  2 gnoll boudas
  9 sleepcaps
  A scorpion zombie (D:7)
  3 iguanas
  33 orc wizards
  4 killer bee zombies (D:7)
  8 adders
  18 gnolls
  10 shadow imps (D:7)
  2 ufetubi (D:6)
  3 dart slugs
  3 ribbon worms
  84 orcs
  3 endoplasms
  2 giant cockroaches
  A hobgoblin (D:1)
  4 quokkas
  4 ball pythons
  4 bats
  3 frilled lizards
  6 goblins
  10 kobolds
  2 rats (D:1)
  A spectral orc (D:13)
661 creatures vanquished.

Vanquished Creatures (others)
  2 bloated husks
  12 foxfires
14 creatures vanquished.

Grand Total: 675 creatures vanquished

Table legend:
 A = Non-vault XP
 B = Vault XP
 C = Vault XP percentage of total XP
 D = Non-vault monster count
 E = Vault monster count
 F = Vault count percentage of total count
                 A         B        C        D         E       F
            +---------+---------+-------+---------+---------+-------
      Total |   89860 |   42051 |  31.9 |     466 |     195 |  29.5
            +---------+---------+-------+---------+---------+-------
        D:1 |      23 |       0 |   0.0 |      15 |       0 |   0.0
        D:2 |       8 |       0 |   0.0 |       4 |       0 |   0.0
        D:3 |      22 |       0 |   0.0 |       6 |       0 |   0.0
        D:4 |     202 |       0 |   0.0 |      18 |       0 |   0.0
        D:5 |    1016 |       0 |   0.0 |      21 |       0 |   0.0
        D:6 |    1992 |     401 |  16.8 |      31 |       2 |   6.1
        D:7 |    2113 |    2923 |  58.0 |      39 |      49 |  55.7
        D:8 |    1231 |    4829 |  79.7 |      23 |      15 |  39.5
        D:9 |    2236 |    2793 |  55.5 |      29 |       6 |  17.1
       D:10 |    2309 |    2697 |  53.9 |      18 |      13 |  41.9
       D:11 |    1577 |    2520 |  61.5 |       5 |       5 |  50.0
       D:12 |   11574 |    1561 |  11.9 |      33 |       2 |   5.7
       D:13 |    3593 |    1796 |  33.3 |       8 |       4 |  33.3
     Lair:1 |    4922 |       0 |   0.0 |      18 |       0 |   0.0
     Lair:2 |    8587 |     443 |   4.9 |      28 |       4 |  12.5
     Lair:3 |   10633 |     701 |   6.2 |      33 |       1 |   2.9
     Lair:4 |    6662 |    1376 |  17.1 |      20 |       8 |  28.6
     Lair:5 |    4413 |     386 |   8.0 |      10 |      10 |  50.0
    Swamp:1 |    7947 |    1481 |  15.7 |      22 |       1 |   4.3
    Swamp:2 |    9011 |       0 |   0.0 |      15 |       0 |   0.0
      Orc:1 |    5952 |    2115 |  26.2 |      58 |       6 |   9.4
      Orc:2 |     764 |   14654 |  95.0 |       6 |      40 |  87.0
      Elf:1 |    3073 |       0 |   0.0 |       6 |       0 |   0.0
     Bailey |       0 |    1375 | 100.0 |       0 |      29 | 100.0
            +---------+---------+-------+---------+---------+-------

Skill      XL: |  1  2  3  4  5  6  7  8  9 10 11 12 13 14 15 |
---------------+----------------------------------------------+-----
Unarmed Combat | 1 2 3 4 5 6 7 8 11 14 15 16 | 16.8
Fighting       | 1 2 3 4 5 6 7 9 11 13 | 13.0
Dodging        | 2 3 |  3.0
Invocations    | 2 4 6 8 |  8.0
Throwing       | 6 7 |  7.0
Shields        | 2 |  2.0
Shapeshifting  | 7 11 | 11.1
Short Blades   | |  0.7
Stealth        | |  1.5
Spellcasting   | |  1.2
Hexes          | |  2.0

Action                     |  1- 3 |  4- 6 |  7- 9 | 10-12 | 13-15 || total
---------------------------+-------+-------+-------+-------+-------++-------
  Melee: Unarmed           |    84 |    73 |   267 |   727 |  1072 ||  2223
         Punch             |     1 |     1 |    19 |    56 |   132 ||   209
  Throw: Dart              |       |       |       |     8 |     9 ||    17
         Boomerang         |       |       |       |       |    33 ||    33
         Throwing net      |       |       |       |       |     1 ||     1
 Invoke: Stomp             |     1 |       |     2 |     1 |     3 ||     7
         Line Pass         |       |     2 |     4 |     4 |     6 ||    16
  Evoke: Wand              |       |       |       |     1 |    11 ||    12
         Phantom mirror    |       |       |       |       |     1 ||     1
    Use: Potion            |       |     1 |     3 |     3 |    15 ||    22
         Scroll            |       |       |     7 |     7 |    15 ||    29
   Stab: Sleeping          |     5 |       |     1 |     2 |     3 ||    11
         Paralysed         |       |     1 |    22 |    47 |    63 ||   133
         Confused          |       |     1 |       |       |     2 ||     3
         Invisible         |       |       |       |     4 |       ||     4
         Distracted        |       |       |       |       |     1 ||     1
 Armour: Robe              |    62 |    40 |   290 |   612 |   873 ||  1877
         Skin              |       |       |       |     1 |       ||     1
  Dodge: Dodged            |    39 |    26 |   164 |   319 |   394 ||   942
  Block: Other             |       |       |       |       |   101 ||   101
         Reflection        |       |       |       |       |     5 ||     5

Illustrated notes

Table legend:
 A = Kills in this place as a percentage of kills in the entire game.
 B = Kills by you in this place as a percentage of kills by you in the entire game.
 C = Kills by friends in this place as a percentage of kills by friends in the entire game.
 D = Other kills in this place as a percentage of other kills in the entire game.
 E = Experience gained in this place as a percentage of experience gained in the entire game.
 F = Experience gained in this place divided by the number of levels of this place that you have seen.
                   A       B       C       D       E      F
               +-------+-------+-------+-------+-------+----------------------
         Total | 100.0 | 100.0 |   N/A | 100.0 | 100.0 | 5496.3
       Dungeon |  52.3 |  52.4 |   N/A |  42.9 |  35.9 | 3647.4
          Lair |  20.0 |  20.2 |   N/A |   0.0 |  28.9 | 7624.6
         Swamp |   5.7 |   5.8 |   N/A |   0.0 |  14.0 | 9219.5
  Orcish Mines |  16.6 |  16.2 |   N/A |  57.1 |  17.8 | 11742.5
   Elven Halls |   0.9 |   0.9 |   N/A |   0.0 |   2.3 | 3073.0
        Bailey |   4.4 |   4.4 |   N/A |   0.0 |   1.0 | 1375.0
               +-------+-------+-------+-------+-------+----------------------

Table legend: (Time is in decaauts)
 A = Elapsed time spent in this place.
 B = Non-inter-level travel time spent in this place.
 C = Inter-level travel time spent in this place.
 D = Time resting spent in this place.
 E = Time spent auto-exploring this place.
 F = Levels seen in this place.
 G = Mean time per level.
                   A        B        C        D        E       F      G
               +--------+--------+--------+--------+--------+-----+--------+
         Total |  20681 |  18007 |   2674 |   2343 |   7052 |  24 |  861.7 |
       Dungeon |  11559 |  10107 |   1452 |    795 |   5430 |  13 |  889.2 |
          Lair |   4501 |   3541 |    960 |    366 |    723 |   5 |  900.2 |
         Swamp |   1817 |   1714 |    103 |    711 |    128 |   2 |  908.5 |
  Orcish Mines |   2249 |   2091 |    158 |    424 |    745 |   2 | 1124.5 |
   Elven Halls |    213 |    213 |      0 |      0 |      0 |   1 |  213.0 |
        Bailey |    340 |    340 |      0 |     46 |     26 |   1 |  340.0 |
               +--------+--------+--------+--------+--------+-----+--------+

Top non-repeatable levels by time:
     D:7: 1270 daAuts
  Lair:2: 1262 daAuts
 Swamp:1: 1199 daAuts
  Lair:3: 1181 daAuts
     D:8: 1174 daAuts
   Orc:1: 1171 daAuts
    D:12: 1168 daAuts
   Orc:2: 1078 daAuts
     D:2: 1072 daAuts
     D:4: 934 daAuts
    D:13: 927 daAuts
     D:9: 880 daAuts
  Lair:1: 861 daAuts
  Lair:4: 809 daAuts
    D:10: 770 daAuts
